 Dungeon Crawl Stone Soup version 0.27.1-2-g3b301248ec (webtiles) character file.

Game seed: 17619587549775231847

1 CuBeRJAN3 the Firebug (level 1, 10/10 HPs)
             Began as a Deep Elf Fire Elementalist on Oct 5, 2021.
             Quit the game on level 1 of the Dungeon.
             The game lasted 00:00:34 (79 turns).

CuBeRJAN3 the Firebug (Deep Elf Fire Elementalist)    Turns: 79, Time: 00:00:35

Health: 10/10      AC:  3    Str:  5    XL:     1   Next: 16%
Magic:  5/6        EV: 12    Int: 19    God:
Gold:   0          SH:  0    Dex: 15    Spells: 5/6 levels left

rFire    . . .     SeeInvis .   (no weapon)
rCold    . . .     Faith    .   (no shield)
rNeg     . . .     Spirit   .   a - +0 robe
rPois    .         Reflect  .   (no helmet)
rElec    .         Harm     .   (no cloak)
rCorr    .         Rampage  .   (no gloves)
Will     .....                  c - +0 pair of boots
Stlth    ++........             (no amulet)
HPRegen  0.03/turn              (no ring)
MPRegen  0.10/turn              (no ring)

@: no status effects
A: no striking features
a: no special abilities


You were on level 1 of the Dungeon.
You visited 1 branch of the dungeon, and saw 1 of its levels.

Inventory:

Armour
 a - a +0 robe (worn)
 c - a +0 pair of boots (worn)
Scrolls
 b - a scroll of identify {unknown}


   Skills:
 + Level 0.0 Fighting
 - Level 2.4 Dodging
 + Level 2.4 Stealth
 * Level 3.0 Spellcasting
 + Level 1.1 Conjurations
 + Level 3.3 Fire Magic


You had 5 spell levels left.
You knew the following spells:

 Your Spells              Type           Power      Damage    Failure   Level
a - Foxfire               Conj/Fire      44%        2x1d6     6%          1

Your spell library contained the following spells:

 Spells                   Type           Power      Damage    Failure   Level
 Conjure Flame            Conj/Fire      11%        6-21      19%         3
 Inner Flame              Hex/Fire       9%         N/A       24%         3
 Sticky Flame             Conj/Fire      11%        2d3       52%         4
 Fireball                 Conj/Fire      5%         3d5       86%         5


Dungeon Overview and Level Annotations

Branches:
Dungeon (1/15)

Altars:

Shops:
D:1 *


Message History

Welcome, CuBeRJAN3 the Deep Elf Fire Elementalist.
Will you prevail where others failed? Will you find the Orb of Zot?
Press ? for a list of commands and other information.
Found 26 stones.
Found a staircase leading out of the dungeon.
As you open the large door, it creaks loudly!
There is a large open door here.
You enter the shallow water.
Moving in this stuff is going to be slow.
Why would you want to do that?
Found a leather armour.
Found a scroll labelled PASCHU HUSTUICA.
b - a scroll labelled PASCHU HUSTUICA
Found a stone staircase leading down.
Found a hunting sling.
Found Icyemim's General Store.
Found a pair of boots.
A ball python comes into view.
The ball python hisses angrily.
You see here a +0 pair of boots.
Casting: Foxfire (safe; 6% risk of failure)
Press: ? - help, Q - select action Dir - look around, f - activate You conjure some foxfire!
The foxfire hits the ball python.
The ball python is moderately wounded.
Casting: Foxfire (safe; 6% risk of failure)
Press: ? - help, Q - select action Dir - look around, f - activate You conjure some foxfire!
The foxfire hits the ball python.
You kill the ball python!
Casting: Foxfire (safe; 6% risk of failure)
Press: ? - help, Q - select action Dir - look around, f - activate
Okay, then.
c - a +0 pair of boots Your foxfire dissipates!
You start putting on your armour.
You continue putting on your +0 pair of boots. x4
You finish putting on your +0 pair of boots.
There is an entrance to Icyemim's General Store here.
Are you sure you want to abandon this character and quit the game? (Confirm with "yes".)

.# .. ..# #)# .....##
#.# ##.##..
##.####.....# #
####........##.##.#
##.##..#...........#
##.#.#..#..#8.8.8####
##.###........⌠.⌠.#
##.## ##..####8.@.8#
..## ##.###..⌠.⌠.#
##.# #......8.8.8#
#.# #.#######.####
####.#.# ...# ≈≈###.#
#...# 8≈..#.# #...#
≈≈... . #...# ≈≈..# #
..#


There were no monsters in sight!

Vanquished Creatures
  A ball python (D:1)
1 creature vanquished.

Vanquished Creatures (others)
  2 foxfires (D:1)
2 creatures vanquished.

Grand Total: 3 creatures vanquished

Notes
Turn   | Place    | Note
-------+----------+-------------------------------------------
     0 | D:1      | CuBeRJAN3 the Deep Elf Fire Elementalist began the quest
                  | for the Orb.
     0 | D:1      | Reached XP level 1. HP: 10/10 MP: 6/6
    56 | D:1      | Found Icyemim's General Store.
    79 | D:1      | Quit the game

Illustrated notes

Levels and vault maps discovered:
D:1:      lightli_arrival_boilingwater, layout_loops_cross, serial_shops,
          nicolae_shop_temple_entry_statues_fountains,
          hellmonk_ecumenical_altar_arch_garden, chequers_jeans,
          minmay_tromino_v4_b

Action                   || total
-------------------------++-------
 Cast: Foxfire           ||     2
